 Dungeon Crawl Stone Soup version 0.29-a0-289-g2178c42546 (webtiles) character file.

Game seed: 15446894434639080545

41 sanka the Insei (level 3, -8/28 HPs)
             Began as a Gnoll Transmuter on Mar 17, 2022.
             Mangled by a gnoll
             ... wielding a +0 club
              (9 damage)
             ... on level 2 of the Dungeon.
             The game lasted 00:02:18 (1551 turns).

sanka the Insei (Gnoll Transmuter)                  Turns: 1551, Time: 00:02:18

Health: -8/28      AC:  2    Str:  9    XL:     3   Next: 52%
Magic:  2/9        EV: 21    Int: 14    God:
Gold:   146        SH:  0    Dex: 17    Spells: 6/12 levels left

rFire   . . .      SeeInvis .     - Unarmed
rCold   . . .      Faith    .   (shield currently unavailable)
rNeg    . . .      Spirit   .   (body armour currently unavailable)
rPois   x          Reflect  .   (helmet currently unavailable)
rElec   .          Harm     .   (cloak currently unavailable)
rCorr   .          Rampage  .   (gloves currently unavailable)
Will    .....                   (boots currently unavailable)
Stlth   ++........              (no amulet)
HPRegen 0.09/turn               (no ring)
MPRegen 0.11/turn               (no ring)

@: spider-form, very slightly contaminated
A: venomous fangs, tiny, (fangs 1), strong nose, distributed training
a: End Transformation


You were on level 2 of the Dungeon.
You were a venomous arachnid creature.
You visited 1 branch of the dungeon, and saw 2 of its levels.

You collected 146 gold pieces.


Innate Abilities, Weirdness & Mutations

You are a venomous arachnid creature.
You have poisonous fangs.
You are tiny and dextrous.
Your spellcasting is less reliable in this form.
Your armour is entirely melded.
You are incapable of wielding weapons or throwing items.
((You have very sharp teeth.))
Your uncanny sense of smell can sniff out nearby items.
Your experience applies equally to all skills.


   Skills:
 + Level 2.6 Fighting
 + Level 0.8 Short Blades
 + Level 0.8 Long Blades
 + Level 0.8 Axes
 + Level 0.8 Maces & Flails
 + Level 0.8 Polearms
 + Level 0.8 Staves
 + Level 0.8 Slings
 + Level 0.8 Bows
 + Level 0.8 Crossbows
 + Level 0.8 Throwing
 + Level 0.8 Armour
 + Level 4.5 Dodging
 + Level 0.8 Stealth
 + Level 0.8 Shields
 + Level 6.5 Unarmed Combat
 + Level 5.0 Spellcasting
 + Level 0.5 Conjurations
 + Level 0.5 Hexes
 + Level 0.5 Summonings
 + Level 0.5 Necromancy
 + Level 0.5 Translocations
 + Level 3.7 Transmutations
 + Level 0.5 Fire Magic
 + Level 0.5 Ice Magic
 + Level 0.5 Air Magic
 + Level 0.5 Earth Magic
 + Level 0.5 Poison Magic
 + Level 1.0 Invocations
 + Level 0.8 Evocations


You had 6 spell levels left.
You knew the following spells:

 Your Spells              Type           Power      Damage    Failure   Level
x - Spider Form           Tmut/Pois      9%         N/A       43%         3
y - Wereblood             Tmut           14%        N/A       16%         2
z - Beastly Appendage     Tmut           28%        N/A       12%         1

Your spell library contained the following spells:

 Spells                   Type           Power      Damage    Failure   Level
 Portal Projectile        Hex/Tloc       10%        N/A       61%         3
 Ice Form                 Ice/Tmut       9%         N/A       77%         4
 Blade Hands              Tmut           7%         N/A       87%         5
 Excruciating Wounds      Necr           2%         N/A       99%         5

Inventory:

Armour
 a - a +0 robe (melded)
Scrolls
 d - a scroll of fear {unknown}
 f - 3 scrolls of identify {unknown}
 g - a scroll of magic mapping {unknown}
 h - a scroll of teleportation {unknown}
Potions
 b - a potion of lignification {!q}
 c - a potion of curing {unknown}
 e - a potion of might {unknown}

Dungeon Overview and Level Annotations

Branches:
Dungeon (2/15)

Altars:

.......▒)▒ ▒.▒ ∆
.......▒.▒ ▒▒▒▒'▒▒
∆ .......▒.▒
▒.....▒ ....(..▒.▒▒
▒.....▒ ∆
.......▒..▒ ▒.....▒
.......▒▒.▒ ▒.....▒
......>▒▒.▒▒▒.....▒
▒▒▒▒▒▒▒▒▒..▒▒▒▒▒'▒▒
▒▒.▒ ▒s▒ ▒.▒▒ ▒g▒
▒..▒ ▒g▒ ▒▒.▒▒ ▒g▒
▒..▒ ▒g▒ ▒▒.▒ ▒..
▒.▒ ▒... ▒▒▒▒▒▒
▒.▒▒▒..g. ▒....▒
▒..▒▒....▒


You could see 3 gnolls and a hobgoblin.


Message History

The gnoll barely misses you.
The gnoll throws a throwing net.
The throwing net hits you.
You become entangled in the net!
You see here a throwing net {=f}.
Unknown command.
You struggle against the net.
You tear a large gash into the net.
The gnoll barely misses you.
The spell is quite dangerous to miscast (22% risk of failure)!
Continue anyway?
You miscast Spider Form.
You are very lightly contaminated with residual magic.
Nothing appears to happen.
The gnoll completely misses you. The gnoll barely misses you.
The spell is quite dangerous to miscast (22% risk of failure)!
Continue anyway?
You turn into a venomous arachnid creature.
The gnoll barely misses you. The gnoll closely misses you.
Unknown command.
You shred the net and break free!
The gnoll hits you from afar with a +0 spear.
* * * LOW HITPOINT WARNING * * *
The gnoll barely misses you.
There are monsters nearby!
You barely miss the gnoll.
The gnoll is lightly wounded.
The gnoll closely misses you. The gnoll hits you with a +0 club!
You die...

Action                   || total
-------------------------++-------
Melee: Unarmed           ||    96
       Bite              ||     5
       Kick              ||     1
       Punch             ||     3
 Cast: Beastly Appendage ||     1
       Spider Form       ||     3
 Stab: Sleeping          ||     2
Armor: Robe              ||    23
Dodge: Dodged            ||    81

Levels and vault maps discovered:
D:1:      zaba_arrival_water, layout_basic, kennysheep_small_spiral
D:2:      layout_basic, serial_shops, nicolae_shop_hallway_plus

Notes
Turn   | Place    | Note
-------+----------+-------------------------------------------
     0 | D:1      | sanka the Gnoll Transmuter began the quest for the Orb.
     0 | D:1      | Reached XP level 1. HP: 17/17 MP: 6/6
   148 | D:1      | Reached XP level 2. HP: 22/23 MP: 7/7
   984 | D:2      | Reached XP level 3. HP: 27/28 MP: 9/9
   987 | D:2      | Learned a level 2 spell: Wereblood
   991 | D:2      | Learned a level 3 spell: Spider Form
  1073 | D:2      | Reached skill level 5 in Spellcasting
  1540 | D:2      | Reached skill level 1 in Invocations
  1550 | D:2      | HP: 1/28 [gnoll/+0 spear (5)]
  1551 | D:2      | Mangled by a gnoll

Vanquished Creatures
  A gnoll (D:2)
  A worm (D:2)
  2 ball pythons (D:1)
  A giant cockroach (D:1)
  4 goblins
  4 hobgoblins (D:1)
  2 quokkas (D:2)
  4 bats
  A frilled lizard (D:2)
  2 kobolds (D:1)
  6 rats
28 creatures vanquished.
